 Dungeon Sprint DCSS version 0.30-a0-738-g116ff8c4af (webtiles) character file.

Game seed: 793978082962004712

11 BigDaddyOpFi the Magician (level 2, 0/21 HPs)
             Began as a Djinni Earth Elementalist on Feb 3, 2023.
             Was an Initiate of Qazlal.
             Slain by a merfolk
             ... wielding a +0 trident
              (21 damage)
             ... in the Dungeon (Sprint V: "Ziggurat Sprint").
             The game lasted 00:02:06 (176 turns).

BigDaddyOpFi the Magician (DjEE)                     Turns: 176, Time: 00:02:07

Health: 0/21       AC:  2    Str:  7    XL:     2   Next: 40%
Gold:   0          EV: 12    Int: 28    God:    Qazlal [......] SH:  0 Dex: 13

rFire   + + .      SeeInvis +    w - +27 heavy crossbow "Sniper" {heavy, Acc+∞ SInv}
rCold   x . .      Faith    .    (shield currently unavailable)
rNeg    . . .      Spirit   .    a - +0 robe
rPois   ∞          Reflect  .    (no helmet)
rElec   .          Harm     .    (no cloak)
rCorr   .          Rampage  .    (no gloves)
Will    .....      NoTele   +    (boots unavailable)
Stlth   ++                       (no amulet)
HPRegen 0.23/turn                q - +6 ring of intelligence
MPRegen 0.00/turn                r - +6 ring of intelligence

@: flying
A: sickness immunity, fire resistance 2, cold vulnerability 1, float, innate
caster, HP casting, extra vitality 1
a: Renounce Religion


You were in the Dungeon.
You worshipped Qazlal.
Qazlal was noncommittal.
You visited 1 branch

Inventory:

Hand Weapons
 w - the +27 heavy crossbow "Sniper" (weapon) {heavy, Acc+∞ SInv}
   (You found it in the Dungeon)

   Acc+∞: It never misses its target.
   SInv:      It lets you see invisible.
 x - the +6 Majin-Bo {spellvamp, MP+6 Int+6}
   (You found it in the Dungeon)

   Int:       It affects your intelligence (+6).
   MP:        It affects your magic capacity (+6).
Armour
 a - a +0 robe (worn)
 y - a +5 crystal plate armour
 z - +5 fire dragon scales
 A - +5 gold dragon scales
 B - +5 ice dragon scales
 C - +5 shadow dragon scales
 D - +5 storm dragon scales
 E - a +3 tower shield
Jewellery
 k - a ring of see invisible
 o - a +6 ring of dexterity
 p - a +6 ring of dexterity
 q - a +6 ring of intelligence (left hand)
 r - a +6 ring of intelligence (right hand)
 s - a +6 ring of strength
 t - a +6 ring of strength
 v - a ring of flight
Wands
 m - a wand of mindburst (7)
 n - a wand of acid (7)
Scrolls
 g - 4 scrolls of blinking
 F - 7 scrolls of fog
 G - 5 scrolls of identify
 H - 2 scrolls of fear
Potions
 b - 8 potions of magic
 c - 10 potions of curing
 d - 10 potions of heal wounds
 e - 6 potions of haste
 f - 3 potions of berserk rage
 h - 2 potions of brilliance
 i - 2 potions of invisibility
 j - 4 potions of resistance
 l - 5 potions of might
Miscellaneous
 u - a lightning rod (4/4)


   Skills:
 + Level 2.4 Dodging
 + Level 1.8 Stealth
 + Level 6.2 Spellcasting


You had 3 spell levels left.
You knew the following spells:

 Your Spells              Type           Power      Damage    Failure   Level
a - Sandblast             Erth           86%        2d18      1%          1
b - Passwall              Tmut/Erth      35%        N/A       1%          2
c - Stone Arrow           Conj/Erth      86%        3d12      1%          3
d - Petrify               Tmut/Erth      43%        N/A       4%          4
Your spell library was empty.

Dungeon Overview and Level Annotations

Branches:
Dungeon (1/1)

Altars:
Ashenzari
Cheibriados
Dithmenos
Elyvilon
Fedhas
Gozag
Hepliaklqana
Makhleb
Nemelex Xobeh
Okawaru
Qazlal
Ru
Trog
Uskayaw
Wu Jian
Xom
Yredelemnul
Zin
The Shining One
Jiyva
Lugonu

Annotations:
D 1 transporter


Innate Abilities, Weirdness & Mutations

You are immune to sickness and miasma.
You are immune to poison.
Your flesh is very heat resistant. (rF++)
You are vulnerable to cold. (rC-)
You float through the air rather than walking.
You learn spells naturally, not from books.
Your magical power is your life essence.
You have superior vitality. (+4 MHP)


Message History

You hover solemnly before the altar of Qazlal.
Qazlal welcomes you!
Qazlal grants you and your divine allies immunity to clouds.
There is a transporter here.
Welcome to arena 1.
You enter the transporter and appear at another place.
A bat skeleton and an adder zombie come into view.
Found a ring of see invisible and a ring of magical power.
Found a transporter.
Fire: w) +27 heavy crossbow "Sniper" {heavy, Acc+∞ SInv}
Press: ? - help, Q - select action, (/) - cycle Shift-Dir - straight line, f - bat skeleton
Aim: a bat skeleton (dormant, 100% to hit)
You shoot a bolt. The bolt hits the bat skeleton!!!
You destroy the bat skeleton!
Qazlal accepts your kill.
The adder zombie bites you but does no damage.
The adder zombie barely misses you.
Fire: w) +27 heavy crossbow "Sniper" {heavy, Acc+∞ SInv}
Press: ? - help, Q - select action, (/) - cycle Shift-Dir - straight line, f - adder zombie
Aim: an adder zombie (100% to hit)
You shoot a bolt. The bolt hits the adder zombie!!
You destroy the adder zombie!
Qazlal accepts your kill.
k - a ring of see invisible
Okay, then.
There is a transporter here.
Welcome to arena 2.
You enter the transporter and appear at another place. 3 merfolk come into view.
A merfolk is wielding a +0 trident and quivering boomerangs of dispersal.
The merfolk shouts!
Found three items.
Found a transporter.
You shoot a bolt. The merfolk shouts!
The bolt hits the merfolk!!!
The merfolk is severely wounded.
The merfolk closely misses you.
The merfolk hits you from afar with a +0 trident!!
Ouch! That really hurt!
You die...

▓▓▓▓▓▓▓▓▓▓▓▓▓
▓.8©8.▓.8©8.▓
▓.}=:.▓.....▓
▓.....▓.=...▓
▓.....▓.....▓
▓.mmm.▓.....▓
▓.....▓..©..▓
▓..@..▓▓▓▓▓▓▓
▓▓▓▓▓▓▓


You could see 3 merfolk.

Vanquished Creatures
  An adder zombie (D)
  A bat skeleton (D)
2 creatures vanquished.

Notes
Turn   | Place    | Note
-------+----------+-------------------------------------------
     0 | D        | BigDaddyOpFi the Djinni Earth Elementalist began the quest
                  | for the Orb.
     0 | D        | BigDaddyOpFi set off with the following spells memorised:
                  | Sandblast, Passwall, Stone Arrow, Petrify.
     0 | D        | Reached XP level 1. HP: 15/15 MP: 0/0
     2 | D        | Found a blossoming altar of Fedhas.
     2 | D        | Found the +6 Majin-Bo {spellvamp, MP+6 Int+6}
     2 | D        | Found the +27 heavy crossbow "Sniper" {heavy, Acc+∞ SInv}
     2 | D        | Found the +10 dark maul {heavy}
     2 | D        | Found the +15 Maxwell's patent armour {-Cast -Tele rElec
                  | Will+ rCorr}
     2 | D        | Found the +18 shield of the Gong {Loud rElec rN+ Will+
                  | EV-5}
     2 | D        | Found the +16 obsidian axe {drain, demonic, Mesm Drain Fly
                  | SInv}
     2 | D        | Found the +7 great mace "Firestarter" {flame, inner flame,
                  | rFlCloud rF++}
     2 | D        | Found the +6 shillelagh "Devastator" {shatter}
     2 | D        | Found the +11 plutonium sword {Contam Stlth-}
     2 | D        | Found the +8 lance "Wyrmbane" {slay drac, rPois rF+ rC+
                  | AC+3}
     2 | D        | Found the +9 sword of Zonguldrok {reap}
     2 | D        | Found the +13 scythe of Curses {drain, curses, Drain}
     2 | D        | Found the +9 sword of Power {lifebolt}
     2 | D        | Found the +7 mace of Variability {chaos, chain chaos}
     2 | D        | Found the +11 Singing Sword {sonic wave}
     2 | D        | Found the +8 storm bow {elec, penet}
     5 | D        | Found a sacrificial altar of Ru.
     5 | D        | Found a bloodstained altar of Trog.
     5 | D        | Found a stormy altar of Qazlal.
     5 | D        | Found an iron altar of Okawaru.
     5 | D        | Found a sparkling altar of Nemelex Xobeh.
    11 | D        | Found a corrupted altar of Lugonu.
    11 | D        | Found a burning altar of Makhleb.
    11 | D        | Found a transporter.
    11 | D        | Found a viscous altar of Jiyva.
    11 | D        | Found a hazy altar of Hepliaklqana.
    30 | D        | Found an opulent altar of Gozag.
   128 | D        | Reached skill level 6 in Spellcasting
   128 | D        | Reached XP level 2. HP: 21/21 MP: 0/0
   155 | D        | Became a worshipper of Qazlal Stormbringer
   164 | D        | Entered arena 2.
   164 | D        | Found a transporter.
   175 | D        | Entered arena 3.
   175 | D        | Noticed a merfolk
   175 | D        | Noticed a merfolk
   175 | D        | Noticed a merfolk
   175 | D        | Found a transporter.
   176 | D        | Slain by a merfolk

Illustrated notes

Levels and vault maps discovered:
D:        sprint_v [room_start, room_1, room_2, room_3, room_4, room_5, room_6,
          room_7, room_8, room_9, room_10, room_11, room_12, room_13, room_14,
          room_15, room_16, room_17, room_18, room_19, room_20, room_21,
          room_22, room_23, room_24, room_25, room_26, room_27]

Skill      XL: |  1 |
---------------+----+-----
Spellcasting   | 6 |  6.2
Dodging        | |  2.4
Stealth        | |  1.8

Action                     || total
---------------------------++-------
   Fire: Heavy crossbow    ||     3
    Use: Potion            ||     1
 Armour: Robe              ||     1
  Dodge: Dodged            ||     2

Table legend: (Time is in decaauts)
 A = Elapsed time spent in this place.
 B = Non-inter-level travel time spent in this place.
 C = Inter-level travel time spent in this place.
 D = Time resting spent in this place.
 E = Time spent auto-exploring this place.
 F = Levels seen in this place.
 G = Mean time per level.
                   A        B        C        D        E       F      G
               +--------+--------+--------+--------+--------+-----+--------+
         Total |    179 |    179 |      0 |      0 |      0 |   1 |  179.0 |
       Dungeon |    179 |    179 |      0 |      0 |      0 |   1 |  179.0 |
               +--------+--------+--------+--------+--------+-----+--------+

Top non-repeatable levels by time:
       D: 179 daAuts
